 Dungeon Crawl Stone Soup version 0.16-a0-3303-g3c4fcab (webtiles) character file.

58 myeffort the Poker (level 4, -4/37 HPs)
             Began as a Merfolk Berserker on Dec 25, 2014.
             Was a Believer of Trog.
             Killed themself with a badly aimed bolt of lightning (5 damage)
             ... on level 2 of the Dungeon.
             The game lasted 00:01:47 (905 turns).

myeffort the Poker (Merfolk Berserker)               Turns: 905, Time: 00:01:48

Health: -4/37      AC:  2    Str: 17    XL:     4   Next: 2%
Magic:  4/4        EV: 13    Int: 11    God:    Trog [**....]
Gold:   47         SH:  0    Dex: 14    Spells: 0 memorised, 3 levels left

rFire  . . .     SeeInvis .     a - +0 spear
rCold  . . .     Clarity  .     b - +0 animal skin
rNeg   . . .     SustAb   .     (no shield)
rPois  .         Gourm    .     (no helmet)
rElec  .         Spirit   .     (no cloak)
rCorr  .         Warding  .     (no gloves)
rMut   .         Stasis   .     (no boots)
MR     .....                    (no amulet)
Stlth  ++........               (no ring)
                                f - ring of wizardry

@: brilliant, lethally poisoned, flying, not resistant to hostile enchantments,
unstealthy
A: change form in water, swift swim, spit poison 1
a: Spit Poison, Burn Spellbooks, Berserk, Trog's Hand, Renounce Religion


You were on level 2 of the Dungeon.
You worshipped Trog.
Trog was pleased with you.
You were not hungry.

You visited 1 branch of the dungeon, and saw 2 of its levels.

You collected 47 gold pieces.

Inventory:

Hand weapons
 a - a +0 spear (weapon)
Armour
 b - a +0 animal skin (worn)
Jewellery
 f - a ring of wizardry (left hand)
 h - an uncursed ring of invisibility {unknown}
Magical devices
 n - a wand of random effects (20)
Scrolls
 d - a scroll of fog {unknown}
 i - 2 scrolls of teleportation {unknown}
 k - a scroll of enchant armour {unknown}
 l - a scroll of immolation {unknown}
Comestibles
 c - 2 bread rations
 g - a slice of pizza


   Skills:
 + Level 3.9 Fighting
 + Level 4.9 Polearms
 - Level 1.3 Armour
 + Level 3.6 Dodging
 + Level 1.9 Stealth


You had 3 spell levels left.
You didn't know any spells.

Dungeon Overview and Level Annotations

Branches:
Dungeon (2/15)

Altars:


Innate Abilities, Weirdness & Mutations

You revert to your normal form in water.
You are very nimble and swift while swimming.
You can spit poison.


Message History

You feel clever all of a sudden.
* * * LOW HITPOINT WARNING * * *
You feel sick.
Evoke which item? (* to show all) (? for menu, Esc to quit)
Zapping:
n - a wand of random effects (will waste charges)
Press: ? - help, Shift-Dir - straight line, f/p - worm
Aim: a worm (heavily wounded)
The bolt of negative energy hits the worm.
The worm is drained!
The worm is almost dead.
Evoking this partially-identified wand wasted a few charges.
* * * LOW HITPOINT WARNING * * *
You feel sick.
Evoke which item? (* to show all) (? for menu, Esc to quit)
Zapping:
n - a wand of random effects {zapped: 2} (will waste charges)
Press: ? - help, Shift-Dir - straight line, f - you, p - worm Really target yourself?
You hear a mighty clap of thunder!
The bolt of lightning hits you!
You die...

#.#####....###.##
#...............#
##########.###..#
#.###).# #......#
#..##..# #..###.#
#w.# #.# #@.# #.#
########..# #.#
..........# #.#
#########.# #.#
#.###.# #.....#
#.#####
######.######
#.....#.....#


You could see a worm.

Vanquished Creatures
  Ijyb (D:2)
  A worm (D:2)
  A giant mite (D:1)
  2 giant geckos (D:1)
  2 bats (D:1)
  2 giant cockroaches (D:1)
  5 goblins
  5 hobgoblins
  A kobold (D:1)
  3 giant newts
  5 rats (D:1)
28 creatures vanquished.

Notes
Turn   | Place    | Note
--------------------------------------------------------------
     0 | D:1      | myeffort, the Merfolk Berserker, began the quest for the Orb.
     0 | D:1      | Reached XP level 1. HP: 18/18 MP: 1/1
    92 | D:1      | Reached skill level 1 in Stealth
    92 | D:1      | Reached XP level 2. HP: 14/24 MP: 2/2
   387 | D:1      | Reached XP level 3. HP: 25/29 MP: 3/3
   739 | D:2      | Acquired Trog's second power
   768 | D:2      | Noticed Ijyb
   781 | D:2      | Killed Ijyb
   825 | D:2      | Reached XP level 4. HP: 33/37 MP: 4/4
   901 | D:2      | Gained mutation: You can spit poison. [potion of beneficial mutation]
   904 | D:2      | HP: 1/37 [poison (a potion of poison)]
   905 | D:2      | Killed themself with a badly aimed bolt of lightning

Action                   |  1- 3 |  4- 6 || total
-------------------------+-------+-------++-------
Melee: Spear             |    96 |    25 ||   121
Evoke: Wand              |       |     1 ||     1
  Use: Potion            |       |     4 ||     4
 Stab: Sleeping          |     2 |     1 ||     3
